 Dungeon Crawl Stone Soup version 0.30-a0-1114-gd936c97349 (webtiles) character file.

Game seed: 601482501393253188

134 NateTC the Poker (level 5, -6/41 HPs)
             Began as a Merfolk Gladiator on Apr 20, 2023.
             Killed by divine providence
             ... invoked by an orc priest
              (10 damage)
             ... on level 3 of the Dungeon.
             The game lasted 00:03:23 (2138 turns).

NateTC the Poker (Merfolk Gladiator)                Turns: 2138, Time: 00:03:24

Health: -6/41      AC:  5    Str: 15    XL:     5   Next: 17%
Magic:  5/5        EV: 14    Int:  7    God:
Gold:   139        SH:  0    Dex: 17    Spells: 4/4 levels left

rFire   . . .      SeeInvis .    a - +0 halberd
rCold   . . .      Faith    .    (shield currently unavailable)
rNeg    . . .      Spirit   .    b - +0 leather armour
rPois   .          Reflect  .    c - +0 helmet
rElec   .          Rampage  .    m - +0 cloak
rCorr   .                        (no gloves)
Will    .....                    (no boots)
Stlth   +                        (no amulet)
HPRegen 0.26/turn                (no ring)
MPRegen 0.09/turn                (no ring)

@: no status effects
A: (nimble swimmer 2), mertail
a: no special abilities


You were on level 3 of the Dungeon.
You visited 1 branch of the dungeon, and saw 3 of its levels.

You collected 139 gold pieces.

Inventory:

Hand Weapons
 a - a +0 halberd (weapon)
Missiles
 d - 3 throwing nets (quivered)
 e - 7 javelins
Armour
 b - a +0 leather armour (worn)
 c - a +0 helmet (worn)
 m - a +0 cloak (worn)
Scrolls
 f - 2 scrolls of amnesia
 g - a scroll of blinking
 i - 2 scrolls of fog
 j - a scroll of immolation {unknown}
 k - a scroll of silence {unknown}
Potions
 h - a potion of brilliance
 l - a potion of cancellation {unknown}


   Skills:
 + Level 3.3 Fighting
 * Level 6.0 Polearms
 - Level 2.0 Throwing
 + Level 5.1 Dodging


You had 4 spell levels left.
You didn't know any spells.
Your spell library was empty.

Dungeon Overview and Level Annotations

Branches:
Dungeon (3/15) Zot: 15852

Altars:
Zin


Innate Abilities, Weirdness & Mutations

((You are very nimble when in or above water. (Stealth+, EV+, Speed+++)))
Your lower body shifts to a powerful aquatic tail in water.


Message History

You finish putting on your +0 cloak.
As you open the door, it creaks loudly!
There is an open door here.
You open the door.
There is an open door here.
You open the door.
There is an open door here.
You open the door.
There is an open door here.
You open the door.
There is an open door here.
You open the door.
An orc and an orc priest come into view.
The orc shouts!
The orc priest shouts!
You hear a shout!
The orc priest calls down the wrath of Beogh upon you.
Beogh smites you!
An orc priest comes into view. It is wielding a +0 hand axe.
You barely miss the orc. The orc hits you but does no damage.
An orc priest opens the door.
The orc completely misses you.
You barely miss the orc. The orc hits you with a +0 dagger.
You barely miss the orc. The orc barely misses you.
The orc priest barely misses you.
You puncture the orc!
You kill the orc!
The orc priest mumbles some strange prayers to Beogh against you.
Beogh smites you!
You hit the orc priest but do no damage.
The orc priest calls down the wrath of Beogh upon you.
Beogh smites you!
* * * LOW HITPOINT WARNING * * *
The orc priest barely misses you.
A goblin comes into view. It is wielding a +0 club.
You closely miss the orc priest.
The orc priest hits you with a +0 hand axe.
* * * LOW HITPOINT WARNING * * *
The orc priest calls down the wrath of Beogh upon you.
You barely resist.
The orc priest calls down the wrath of Beogh upon you.
Beogh smites you!
You die...

.....#.#.##.##.##.##.##
##.#.####
.....#.###...###...###
###.#
.....#..#.....#.....#
.#
.....#..'.....'..>..+
.....#.##.....#.....#
.....#.###...###...##
###..###.##.##.##.## ##
##.##...###...#o#...##
#.'..⌠..'....@o....g'
####...#+#...###...#'
##.## ##.## ## ### ###


You could see 2 orc priests and a goblin (wandering).

Vanquished Creatures
  Natasha (D:3)
  3 gnolls (D:3)
  2 adders
  2 worms
  2 dart slugs
  An orc (D:3)
  4 ball pythons
  6 endoplasms
  5 giant cockroaches
  7 goblins
  4 hobgoblins
  A jackal (D:1)
  A kobold (D:1)
  2 quokkas
  4 bats
  2 frilled lizards (D:2)
  4 rats
51 creatures vanquished.

Vanquished Creatures (others)
  5 toadstools (D:1)
5 creatures vanquished.

Grand Total: 56 creatures vanquished

Notes
Turn   | Place    | Note
-------+----------+-------------------------------------------
     0 | D:1      | NateTC the Merfolk Gladiator began the quest for the Orb.
     0 | D:1      | Reached XP level 1. HP: 16/16 MP: 1/1
   176 | D:1      | Reached XP level 2. HP: 21/23 MP: 2/2
   587 | D:1      | Reached XP level 3. HP: 28/28 MP: 3/3
   897 | D:2      | Found a glowing silver altar of Zin.
   947 | D:2      | Reached skill level 5 in Polearms
  1406 | D:2      | Reached XP level 4. HP: 34/34 MP: 4/4
  1768 | D:3      | Noticed Natasha
  1778 | D:3      | Killed Natasha
  1894 | D:3      | Reached skill level 5 in Dodging
  1903 | D:3      | Reached XP level 5. HP: 33/41 MP: 5/5
  1986 | D:3      | Reached skill level 6 in Polearms
  2138 | D:3      | Killed from afar by an orc priest

Illustrated notes

Levels and vault maps discovered:
D:1:      ldierk_walled_garden, layout_basic, kennysheep_doodads
D:2:      layout_basic, basic_altar
D:3:      layout_basic, nicolae_hexahallways, uniq_natasha

Skill      XL: |  1  2  3  4  5 |
---------------+----------------+-----
Polearms       | 5 6 |  6.0
Fighting       | 3 |  3.3
Dodging        | 5 |  5.1
Throwing       | |  2.0

Action                     |  1- 3 |  4- 6 || total
---------------------------+-------+-------++-------
  Melee: Trident           |   129 |    61 ||   190
         Halberd           |       |     6 ||     6
    Use: Scroll            |     5 |     2 ||     7
   Stab: Sleeping          |     4 |     2 ||     6
 Armour: Leather armour    |    32 |     7 ||    39
  Dodge: Dodged            |    60 |    34 ||    94

Table legend: (Time is in decaauts)
 A = Elapsed time spent in this place.
 B = Non-inter-level travel time spent in this place.
 C = Inter-level travel time spent in this place.
 D = Time resting spent in this place.
 E = Time spent auto-exploring this place.
 F = Levels seen in this place.
 G = Mean time per level.
                   A        B        C        D        E       F      G
               +--------+--------+--------+--------+--------+-----+--------+
         Total |   2146 |   2106 |     40 |    147 |   1508 |   3 |  715.3 |
       Dungeon |   2146 |   2106 |     40 |    147 |   1508 |   3 |  715.3 |
               +--------+--------+--------+--------+--------+-----+--------+

Top non-repeatable levels by time:
     D:2: 912 daAuts
     D:1: 863 daAuts
     D:3: 370 daAuts
